 Dungeon Crawl Stone Soup version 0.22.1-1-ga44c0e56f4 (webtiles) character file.

68520 LLavrengius the Fighter (level 15, -15/108 HPs)
             Began as an Octopode Transmuter on Nov 6, 2018.
             Was the Champion of Makhleb.
             Demolished by an alligator (24 damage)
             ... on level 1 of the Swamp on Nov 8, 2018.
             The game lasted 03:13:48 (35279 turns).

LLavrengius the Fighter (Octopode Transmuter)      Turns: 35279, Time: 03:13:54

Health: -15/108    AC:  5    Str: 20    XL:     15   Next: 26%
Magic:  22/22      EV: 23    Int: 23    God:    Makhleb [******]
Gold:   169        SH:  8    Dex: 19    Spells: 7/20 levels left

rFire    + + +     SeeInvis .   N - +10 dagger of Upheaval {venom, -Tele +Inv rPois Dex+6}
rCold    . . .     Gourm    .   m - +0 buckler {rF+}
rNeg     . . .     Faith    .   y - +0 hat
rPois    +         Spirit   .   F - +2 amulet of reflection
rElec    .         Reflect  +   K - +4 ring of protection
rCorr    .         Harm     .   C - +5 ring of strength
MR       +++..     NoTele   +   r - ring of stealth
Stlth    +++++++...             h - ring of protection from magic
HPRegen  0.28/turn              u - +4 ring of strength
MPRegen  0.18/turn              D - ring of Miracles {+Inv rF+ rC+ Int+3}
                                v - ring of the Thirteen Seas {Fire Slay+3}
                                l - ring of protection from magic

@: no status effects
A: almost no armour, stealthy swim, amphibious, 8 rings, constrict 8, camouflage
1, gelatinous body 1
a: Minor Destruction, Lesser Servant of Makhleb, Major Destruction, Greater
Servant of Makhleb, Renounce Religion, Evoke Invisibility


You were on level 1 of the Swamp.
You worshipped Makhleb.
Makhleb was exalted by your worship.
You were not hungry.

You visited 7 branches of the dungeon, and saw 25 of its levels.
You also visited: Labyrinth and Sewer.

You collected 2512 gold pieces.
You spent 2343 gold pieces at shops.

Inventory:

Hand Weapons
 M - the +2 hunting sling "Kuemuj" {velocity, rN+}
   (You found it on level 7 of the Dungeon)

   Any stone fired from it inflicts extra damage.
   It protects you from negative energy.
 N - the +10 dagger of Upheaval (weapon) {venom, -Tele +Inv rPois Dex+6}
   (You found it on level 8 of the Dungeon)

   It poisons the flesh of those it strikes.
   It affects your dexterity (+6).
   It protects you from poison.
   It lets you turn invisible.
   It prevents most forms of teleportation.
 P - a +0 blowgun
 T - the +8 rapier of Amortisation {vamp, rC+ Int+3}
   (You found it on level 11 of the Dungeon)

   It inflicts no extra harm, but heals its wielder when it wounds a living foe.
   It affects your intelligence (+3).
   It protects you from cold.
Missiles
 a - 251 arrows
 b - 473 stones (quivered)
 s - 56 sling bullets
 L - 15 steel javelins
Armour
 m - a +0 buckler of fire resistance (worn)
 y - a +0 hat (worn)
Jewellery
 h - a ring of protection from magic (on tentacle)
 l - a ring of protection from magic (on tentacle)
 o - an uncursed ring of flight
 r - a ring of stealth (on tentacle)
 t - an uncursed ring of ice
 u - a +4 ring of strength (on tentacle)
 v - the ring of the Thirteen Seas (on tentacle) {Fire Slay+3}
   (You found it on level 1 of the Snake Pit)

   [ring of fire]

   It enhances your fire magic.
   It affects your accuracy and damage with ranged weapons and melee attacks
   (+3).
   It protects you from fire.
   It makes you vulnerable to cold.
 w - an uncursed ring of fire
 x - a +2 ring of evasion
 C - a +5 ring of strength (right tentacle)
 D - the ring of Miracles (on tentacle) {+Inv rF+ rC+ Int+3}
   (You bought it in a shop on level 5 of the Dungeon)

   [ring of protection from fire]

   It affects your intelligence (+3).
   It protects you from fire.
   It protects you from cold.
   It lets you turn invisible.
 F - a +2 amulet of reflection (around mantle)
 G - an uncursed ring of see invisible
 H - an uncursed ring of poison resistance
 K - a +4 ring of protection (left tentacle)
Wands
 d - a wand of scattershot (5)
 e - a wand of paralysis (19)
 I - a wand of iceblast (14)
 U - a wand of flame (82)
 V - a wand of disintegration (8)
 Z - a wand of acid (12)
Scrolls
 g - a scroll of enchant weapon
 i - 9 scrolls of remove curse
 j - 10 scrolls of teleportation
 q - 2 scrolls of fear
 A - 4 scrolls of magic mapping
 Q - a scroll of summoning
 R - 2 scrolls of holy word
 S - a scroll of fog
 Y - 2 scrolls of blinking {unknown}
Potions
 f - 6 potions of flight
 k - 5 potions of haste
 n - 2 potions of ambrosia
 p - 3 potions of mutation
 z - 7 potions of might
 B - a potion of magic
 E - a potion of agility {unknown}
 J - 5 potions of curing
 X - 4 potions of brilliance
Miscellaneous
 O - a lightning rod (4/4)
Comestibles
 c - 26 rations


   Skills:
 + Level 12.2 Fighting
 - Level 6.0 Short Blades
 - Level 12.1 Dodging
 - Level 7.0 Stealth
 - Level 4.0 Shields
 + Level 10.6 Unarmed Combat
 - Level 3.0 Spellcasting
 - Level 3.0 Hexes
 - Level 3.0 Summonings
 - Level 1.1 Necromancy
 - Level 1.1 Translocations
 * Level 9.8 Transmutations
 - Level 4.1 Poison Magic
 + Level 5.0 Invocations
 + Level 10.4 Evocations


You had 7 spell levels left.
You knew the following spells:

 Your Spells              Type           Power        Failure   Level  Hunger
a - Beastly Appendage     Tmut           #####.       1%          1    None
b - Sticks to Snakes      Tmut           #####...     1%          2    ##.....
c - Spider Form           Tmut/Pois      #####.....   1%          3    ###....
d - Confusing Touch       Hex            ###...       3%          1    None
e - Apportation           Tloc           #.....       8%          1    None
f - Animate Skeleton      Necr           N/A          8%          1    None
g - Summon Small Mammal   Summ           ###.         3%          1    None
h - Summon Butterflies    Summ           ###.....     3%          1    None
i - Passwall              Tmut/Erth      ####....     2%          2    ##.....

Your spell library contained the following spells:

 Spells                   Type           Power        Failure   Level  Hunger
 Corona                   Hex            ###....      3%          1    None
 Call Imp                 Summ           ###.....     4%          2    ##.....
 Slow                     Hex            ###.....     4%          2    ##.....
 Blade Hands              Tmut           #####.....   5%          5    ######.
 Ensorcelled Hibernation  Hex/Ice        ##....       10%         2    ##.....
 Call Canine Familiar     Summ           ###.....     10%         3    ###....
 Confuse                  Hex            ###.....     10%         3    ###....
 Tukima's Dance           Hex            ###.....     10%         3    ###....
 Blink                    Tloc           N/A          11%         2    ##.....
 Flame Tongue             Conj/Fire      #....        12%         1    None
 Magic Dart               Conj           #...         12%         1    None
 Sandblast                Erth           #.....       12%         1    None
 Ice Form                 Ice/Tmut       ####....     16%         4    ####...
 Petrify                  Tmut/Erth      ####....     16%         4    ####...
 Searing Ray              Conj           #.....       17%         2    ##.....
 Throw Flame              Conj/Fire      #.....       17%         2    ##.....
 Dazzling Spray           Conj/Hex       ##....       19%         3    ###....
 Inner Flame              Hex/Fire       ###.....     19%         3    ###....
 Mephitic Cloud           Conj/Pois/Air  #.......     21%         3    ###....
 Hydra Form               Tmut           #####.....   30%         6    #######
 Conjure Flame            Conj/Fire      #.......     34%         3    ###....
 Stone Arrow              Conj/Erth      #.....       34%         3    ###....
 Irradiate                Conj/Tmut      ####......   38%         5    ######.
 Fulminant Prism          Conj/Hex       ##........   52%         4    ####...
 Summon Ice Beast         Ice/Summ       ##......     52%         4    ####...
 Force Lance              Conj/Tloc      #.......     67%         4    ####...
 Summon Mana Viper        Hex/Summ       ###.....     67%         5    ######.
 Iskenderun's Mystic Bla  Conj           #.......     75%         4    ####...
 Sticky Flame             Conj/Fire      #.......     75%         4    ####...
 Metabolic Englaciation   Hex/Ice        ##........   86%         5    ######.
 Dragon Form              Tmut           #####.....   86%         7    #######
 Statue Form              Tmut/Erth      ####.....    93%         6    #######
 Fireball                 Conj/Fire      #.........   97%         5    ######.
 Lee's Rapid Deconstruct  Erth           #.........   97%         5    ######.
 Bolt of Cold             Conj/Ice       #.........   100%        6    #######
 Freezing Cloud           Conj/Ice/Air   #.........   100%        6    #######
 Ozocubu's Refrigeration  Ice            #.........   100%        6    #######
 Simulacrum               Ice/Necr       #.........   100%        6    #######
 Summon Hydra             Summ           ###.......   100%        7    #######


Dungeon Overview and Level Annotations

Branches:
Dungeon (12/15)            Temple (1/1) D:6            Lair (6/6) D:9
  Swamp (1/4) Lair:3        Snake (2/4) Lair:4        Slime (0/5) Lair:5
    Orc (2/2) D:11            Elf (1/3) Orc:2

Altars:
Ashenzari
Cheibriados
Dithmenos
Elyvilon
Fedhas
Gozag
Hepliaklqana
Kikubaaqudgha
Makhleb
Nemelex Xobeh
Okawaru
Qazlal
Ru
Sif Muna
Trog
Uskayaw
Vehumet
Wu Jian
Xom
Yredelemnul
Zin
The Shining One

Shops:
D:5 [*:=   Orc:2 %[%=   Snake:1 }

Annotations:
D:5 3 runed doors, wiperr's ghost, amateur GrFi
D:12 3 runed doors
Lair:3 3 runed doors, Peloso's ghost, journeyman MiFi


Innate Abilities, Weirdness & Mutations

You cannot wear most types of armour.
You are very stealthy in the water. (Stealth+)
You are amphibious.
You can wear up to eight rings at the same time.
You can use your tentacles to constrict eight enemies at once.
Your skin changes colour to match your surroundings (Stealth+).
Your rubbery body absorbs attacks. (AC +1, EV +1)


Message History

The shambling mangrove is lightly damaged.
Tangled roots snake along the ground.
The swamp worm bites your hellwing but does no damage.
Your hellwing hits the swamp worm.
Your hellwing completely misses the swamp worm.
Cornered, the swamp worm turns to fight!
The shambling mangrove hits you!
* * * LOW HITPOINT WARNING * * *
The swamp worm barely misses your hellwing.
Evoke which item? (* to show all) (? for menu, Esc to quit)
Aiming: Disintegrate
Press: ? - help, Shift-Dir - straight line, f - swamp worm, p - shambling
Aim: a swamp worm (water, moderately wounded, fleeing, chance to defeat MR: Your attack snaps the swamp worm out of its fear.
The swamp worm is blasted.
You blow up the swamp worm!
Makhleb accepts your kill.
You hear a splash. x3
The alligator bites you!!
You die...

♣.≈.≈≈≈≈≈≈.♣
..≈≈≈≈F≈≈.♣
♣♣.≈≈≈≈≈≈≈.≈
♣♣≈.≈≈≈.≈≈≈≈.
♣♣..%≈≈≈§≈≈≈≈.
♣♣.....≈≈≈≈≈%♣
♣≈w..%≈t4≈≈≈.♣
♣...≈≈f@≈≈..♣
♣♣..≈≈≈≈≈≈≈≈≈♣
♣♣♣...†≈≈..≈≈≈♣♣
♣≈.............♣
♣..≈≈≈..(♣♣≈.≈≈♣
♣..≈≈≈...♣♣♣≈≈♣♣
≈.≈≈≈≈.§.(♣♣♣♣♣
.≈≈....≈...♣♣♣♣♣
.≈≈≈≈≈≈≈.≈≈.....


You could see a shambling mangrove, an alligator, a spiny frog, a swamp worm and
a friendly hellwing.

Vanquished Creatures
  Snorg (Lair:3)
  3 hydras
  A naga warrior (Snake:1)
  3 catoblepae (Lair:6)
  2 dancing weapons (Elf:1)
  9 death yaks
  A two-headed ogre (Orc:2)
  A naga sharpshooter (Snake:1)
  A shock serpent (Snake:1)
  3 orc high priests (Orc:2)
  2 deep elf knights (Elf:1)
  A deep elf archer (Elf:1)
  4 orc knights (Orc:2)
  11 deep elf magi (Elf:1)
  4 orc sorcerers (Orc:2)
  A cyclops (D:12)
  2 manticores (Lair:6)
  4 black mambas
  5 elephants
  A torpor snail (Lair:6)
  2 gargoyles (Lab)
  12 spiny frogs
  Psyche (D:8)
  4 rime drakes
  9 komodo dragons
  3 polar bears
  5 trolls
  8 hippogriffs
  15 blink frogs
  8 dream sheep
  2 shadows
  3 wyverns
  7 basilisks
  31 yaks
  16 hungry ghosts
  2 nagas (Lair:4)
  3 wargs (Orc:2)
  2 swamp worms (Swamp:1)
  4 water moccasins
  27 orc warriors
  17 porcupines
  2 swamp drakes
  An ice beast (D:7)
  2 sky beasts
  3 phantoms (D:8)
  3 black bears
  5 ogres
  8 centaurs
  30 crocodiles
  2 big kobolds
  A gnoll sergeant (D:6)
  10 bullfrogs
  An earth elemental (Elf:1)
  2 scorpions
  8 killer bees
  4 wights (D:11)
  2 vampire bats (D:9)
  5 howler monkeys
  2 electric eels
  2 crimson imps
  A quasit (D:10)
  A centaur zombie (D:11)
  4 bullfrog skeletons
  A gnoll shaman (D:8)
  5 jellies
  31 orc wizards
  19 orc priests
  5 hounds
  A centaur skeleton (D:11)
  Ijyb (D:3)
  7 iguanas
  7 worker ants
  A worker ant zombie (D:11)
  A howler monkey skeleton (D:5)
  15 gnolls
  16 adders
  A shadow imp (D:7)
  12 oozes
  2 adder zombies
  An adder skeleton (D:4)
  6 worms
  3 dart slugs (D:1)
  8 leopard geckos
  67 orcs
  7 ball pythons
  15 bats
  5 giant cockroaches
  13 goblins
  7 hobgoblins
  15 jackals
  9 quokkas
  15 frilled lizards
  16 kobolds
  A quokka zombie (D:7)
  8 rats
  A plant (Lab)
662 creatures vanquished.

Vanquished Creatures (collateral kills)
  3 death yaks (Lair:5)
  An elephant (Lair:5)
  A porcupine (Lair:5)
  A fungus (Lair:5)
6 creatures vanquished.

Vanquished Creatures (others)
  A minotaur (Lab)
  A yak (Lair:6)
  An orc priest (Orc:2)
  An iguana (Lair:5)
  An orc wizard (Orc:2)
  2 leopard geckos (Lair:5)
  2 orcs (Orc:2)
  A quokka (D:4)
  A frilled lizard (Lair:5)
  21 fungi
  18 plants
50 creatures vanquished.

Grand Total: 718 creatures vanquished

Notes
Turn   | Place    | Note
-------+----------+-------------------------------------------
     0 | D:1      | LLavrengius the Octopode Transmuter began the quest for the
                  | Orb.
     0 | D:1      | Reached XP level 1. HP: 13/13 MP: 3/3
   199 | D:1      | Reached XP level 2. HP: 15/18 MP: 5/5
   203 | D:1      | Learned a level 2 spell: Sticks to Snakes
   260 | D:1      | Reached skill level 1 in Stealth
   688 | D:1      | Reached XP level 3. HP: 23/23 MP: 6/6
   693 | D:1      | Learned a level 3 spell: Spider Form
  1564 | D:2      | Reached XP level 4. HP: 21/29 MP: 7/7
  1605 | D:2      | Reached skill level 1 in Poison Magic
  2045 | D:2      | Reached skill level 1 in Short Blades
  2386 | D:3      | Noticed Ijyb
  2492 | D:3      | Killed Ijyb
  2492 | D:3      | Reached XP level 5. HP: 33/34 MP: 1/8
  2713 | D:3      | Found a blossoming altar of Fedhas.
  3525 | D:4      | Found a glowing drain.
  3572 | Sewer    | Entered a sewer
  3696 | Sewer    | Reached XP level 6. HP: 38/41 MP: 2/9
  5174 | D:4      | You fall through a shaft for 3 floors!
  5208 | D:7      | Reached XP level 7. HP: 18/46 MP: 7/10
  5596 | D:7      | Noticed a hungry ghost
  5617 | D:7      | Killed a hungry ghost
  5899 | D:6      | Reached XP level 8. HP: 54/54 MP: 7/11
  6425 | D:7      | Reached skill level 5 in Unarmed Combat
  6591 | D:6      | HP: 2/54 [gnoll/halberd (14)]
  6837 | D:5      | Entered Level 5 of the Dungeon
  6850 | D:5      | Found Cypoz's Armour Emporium.
  6859 | D:5      | Bought a +0 buckler for 58 gold pieces
  6964 | D:5      | Found Ruel's Book Shoppe.
  6981 | D:5      | Noticed wiperr's ghost (amateur GrFi)
  6998 | D:5      | Found Qaf Bei's Jewellery Shop.
  7007 | D:5      | Bought a +2 amulet of reflection for 82 gold pieces
  7070 | D:5      | Found a shimmering altar of Xom.
  7070 | D:5      | Found a shimmering altar of Xom.
  7074 | D:5      | Found a shimmering altar of Xom.
  7079 | D:5      | Found a shimmering altar of Xom.
  7079 | D:5      | Found a shimmering altar of Xom.
  7080 | D:5      | Found a shimmering altar of Xom.
  7080 | D:5      | Found a shimmering altar of Xom.
  7201 | D:4      | Found a white marble altar of Elyvilon.
  7278 | D:4      | Reached skill level 1 in Shields
  7428 | D:5      | Found a runed gate.
  7428 | D:5      | Found a runed gate.
  7428 | D:5      | Found a runed gate.
  7436 | D:5      | Found Iffifuiz's General Store.
  7787 | D:6      | Reached skill level 5 in Dodging
  8435 | D:6      | Reached XP level 9. HP: 43/60 MP: 13/13
  8566 | D:6      | Found a staircase to the Ecumenical Temple.
  8637 | Temple   | Entered the Ecumenical Temple
  9287 | Temple   | Became a worshipper of Makhleb the Destroyer
  9428 | D:7      | Reached skill level 5 in Fighting
  9900 | D:7      | Got a slimy hunting sling
  9901 | D:7      | Identified the +2 hunting sling "Kuemuj" {velocity, rN+}
                  | (You found it on level 7 of the Dungeon)
 10817 | D:7      | Reached * piety under Makhleb
 11162 | D:8      | Reached XP level 10. HP: 68/68 MP: 14/14
 11564 | D:5      | Bought a book of Cantrips for 220 gold pieces
 11566 | D:5      | Learned a level 1 spell: Confusing Touch
 11568 | D:5      | Learned a level 1 spell: Apportation
 11570 | D:5      | Learned a level 1 spell: Animate Skeleton
 11572 | D:5      | Learned a level 1 spell: Summon Small Mammal
 12080 | D:8      | Got an ancient dagger
 12081 | D:8      | Identified the +10 dagger of Upheaval {venom, -Tele +Inv
                  | rPois Dex+6} (You found it on level 8 of the Dungeon)
 12138 | D:8      | Reached skill level 1 in Hexes
 12186 | D:8      | Noticed Psyche
 12190 | D:8      | Killed Psyche
 12190 | D:8      | Reached skill level 1 in Summonings
 12190 | D:8      | Reached skill level 1 in Necromancy
 12190 | D:8      | Reached skill level 1 in Translocations
 12190 | D:8      | Reached skill level 5 in Transmutations
 12280 | D:8      | Reached skill level 1 in Evocations
 12286 | D:8      | Reached ** piety under Makhleb
 13228 | D:9      | Found a staircase to the Lair.
 13356 | D:10     | Entered Level 10 of the Dungeon
 13367 | D:10     | Reached *** piety under Makhleb
 13445 | D:10     | Reached XP level 11. HP: 65/74 MP: 15/15
 13543 | D:10     | Got a polished short sword
 14067 | D:11     | Found a staircase to the Orcish Mines.
 14781 | D:11     | Got an ancient rapier
 14782 | D:11     | Identified the +7 short sword of Conformity {pierce, *Drain
                  | +Blink +Rage rC+++} (You found it on level 10 of the
                  | Dungeon)
 14783 | D:11     | Identified the +8 rapier of Amortisation {vamp, rC+ Int+3}
                  | (You found it on level 11 of the Dungeon)
 14964 | D:12     | Noticed a cyclops
 14975 | D:12     | Killed a cyclops
 15117 | D:12     | Reached skill level 10 in Unarmed Combat
 15647 | D:12     | Reached skill level 5 in Stealth
 15778 | D:12     | Reached **** piety under Makhleb
 15841 | D:12     | Reached skill level 1 in Invocations
 15944 | D:12     | Found a runed gate.
 15944 | D:12     | Found a runed gate.
 15945 | D:12     | Found a runed gate.
 15947 | D:12     | Noticed a purple ugly thing
 15947 | D:12     | Noticed a cyan ugly thing
 15948 | D:12     | Noticed a cyan ugly thing
 15949 | D:12     | Noticed a brown very ugly thing
 16392 | D:12     | Noticed a cyan ugly thing
 16393 | D:12     | Noticed a glowing orange brain
 16395 | D:12     | Noticed a red ugly thing
 16557 | D:5      | Bought the ring of Miracles {+Inv rF+ rC+ Int+3} for 575
                  | gold pieces
 16561 | D:5      | Learned a level 1 spell: Summon Butterflies
 16728 | Lair:1   | Entered Level 1 of the Lair of Beasts
 16805 | Lair:1   | Learned a level 2 spell: Passwall
 16948 | Lair:1   | Noticed a four-headed hydra
 16952 | Lair:1   | Killed a four-headed hydra
 17096 | Lair:1   | Reached skill level 5 in Evocations
 17382 | Lair:1   | Reached XP level 12. HP: 75/82 MP: 16/16
 19114 | Lair:3   | Found a runed gate.
 19115 | Lair:3   | Found a runed gate.
 19116 | Lair:3   | Found a runed gate.
 19467 | Lair:3   | Noticed Peloso's ghost (journeyman MiFi)
 19715 | Lair:3   | Noticed a death ooze
 19745 | Lair:3   | Found a staircase to the Swamp.
 19933 | Lair:3   | Found a radiant altar of Vehumet.
 20115 | Lair:3   | Noticed Snorg
 20431 | Lair:4   | Found a labyrinth entrance.
 20440 | Lab      | Entered a labyrinth
 20706 | Lab      | Reached ***** piety under Makhleb
 21999 | Lab      | Noticed a minotaur
 22023 | Lab      | Killed a minotaur
 22428 | Lair:4   | Found a staircase to the Snake Pit.
 22439 | Lair:4   | Reached XP level 13. HP: 90/90 MP: 18/18
 23485 | Lair:4   | You fall through a shaft for 2 floors!
 23485 | Lair:6   | Entered Level 6 of the Lair of Beasts
 23592 | Lair:5   | Reached skill level 5 in Short Blades
 23885 | Lair:5   | Found a staircase to the Slime Pits.
 23962 | Lair:4   | Reached skill level 10 in Dodging
 24785 | Lair:5   | Reached skill level 10 in Fighting
 27263 | Lair:6   | Reached XP level 14. HP: 90/99 MP: 21/21
 27735 | Lair:6   | Reached skill level 10 in Evocations
 29832 | D:5      | Bought an uncursed ring of protection from magic for 275
                  | gold pieces
 30088 | Lair:3   | Killed Snorg
 30346 | D:5      | Bought a scroll of identify for 24 gold pieces
 30487 | Orc:1    | Entered Level 1 of the Orcish Mines
 30643 | Orc:2    | Entered Level 2 of the Orcish Mines
 30741 | Orc:1    | Found a shimmering altar of Xom.
 30751 | Orc:1    | Reached ****** piety under Makhleb
 31060 | Orc:2    | Found a staircase to the Elven Halls.
 31797 | Orc:2    | Paralysed by an orc sorcerer for 2 turns
 32760 | Orc:2    | Found Xesavyru's Food Boutique.
 32760 | Orc:2    | Found Jupnise's Jewellery Emporium.
 32762 | Orc:2    | Found Bohoh's Food Boutique.
 32762 | Orc:2    | Found Vofym's Armour Emporium.
 32773 | Orc:2    | Bought a +4 ring of protection for 504 gold pieces
 32967 | D:5      | Bought a book of Minor Magic for 220 gold pieces
 32975 | D:5      | Bought an uncursed ring of protection from magic for 275
                  | gold pieces
 32975 | D:5      | Bought a +2 ring of evasion for 110 gold pieces
 33166 | Elf:1    | Entered Level 1 of the Elven Halls
 33167 | Elf:1    | Found a radiant altar of Vehumet.
 33393 | Elf:1    | Reached XP level 15. HP: 108/108 MP: 22/22
 33507 | Elf:1    | Found a deep blue altar of Sif Muna.
 33975 | Elf:1    | Noticed a deep elf sorcerer
 34348 | Snake:1  | Entered Level 1 of the Snake Pit
 34580 | Snake:1  | Got a crude glass ring
 34581 | Snake:1  | Identified the ring of the Thirteen Seas {Fire Slay+3} (You
                  | found it on level 1 of the Snake Pit)
 34603 | Snake:1  | Found Oxtetu's Gadget Shoppe.
 35121 | Snake:2  | Noticed a nagaraja
 35256 | Swamp:1  | Entered Level 1 of the Swamp
 35272 | Swamp:1  | Reached skill level 5 in Invocations
 35279 | Swamp:1  | Demolished by an alligator

Skill      XL: |  1  2  3  4  5  6  7  8  9 10 11 12 13 14 15 |
---------------+----------------------------------------------+-----
Stealth        | 1 2 4 5 7 |  7.0
Poison Magic   | 1 2 3 4 |  4.1
Fighting       | 2 3 4 6 8 9 10 12 | 12.2
Short Blades   | 1 4 6 |  6.0
Transmutations | 3 4 5 6 9 |  9.8
Dodging        | 3 4 5 6 7 8 9 11 12 | 12.1
Unarmed Combat | 4 6 8 9 10 | 10.6
Spellcasting   | 3 |  3.0
Shields        | 2 4 |  4.0
Hexes          | 1 3 |  3.0
Summonings     | 1 3 |  3.0
Necromancy     | 1 |  1.1
Translocations | 1 |  1.1
Evocations     | 2 5 7 9 10 | 10.4
Invocations    | 3 4 5 |  5.0

Action                   |  1- 3 |  4- 6 |  7- 9 | 10-12 | 13-15 || total
-------------------------+-------+-------+-------+-------+-------++-------
Melee: Dagger            |    69 |    36 |       |   486 |   715 ||  1306
       Unarmed           |     2 |   143 |   276 |    76 |    72 ||   569
       Constrict         |     9 |     6 |       |    54 |   100 ||   169
       Tentacles         |     8 |     3 |       |   138 |   268 ||   417
       Punch             |     3 |       |       |    49 |   106 ||   158
       Kick              |     3 |       |       |     8 |       ||    11
 Fire: Hunting sling     |       |    88 |   101 |    41 |    40 ||   270
Throw: Javelin           |     1 |     2 |       |     2 |       ||     5
 Cast: Beastly Appendage |     3 |     1 |       |     2 |       ||     6
       Spider Form       |       |    22 |    44 |    11 |     5 ||    82
       Sticks to Snakes  |       |       |       |    10 |    73 ||    83
       Confusing Touch   |       |       |       |       |     9 ||     9
Invok: Lesser Servant of |       |       |       |       |     3 ||     3
       Minor Destruction |       |       |       |       |     2 ||     2
 Abil: Evoke Invisibilit |       |       |       |     1 |    15 ||    16
Evoke: Wand              |       |       |       |     4 |     5 ||     9
  Use: Scroll            |       |     5 |     8 |     9 |    10 ||    32
       Potion            |       |       |     5 |     1 |     3 ||     9
 Stab: Sleeping          |     8 |     9 |     1 |    49 |    27 ||    94
       Invisible         |       |       |       |     1 |    44 ||    45
       Distracted        |       |       |       |       |     8 ||     8
       Confused          |       |       |       |       |     6 ||     6
       Fleeing           |       |       |       |       |     1 ||     1
  Eat: Chunk             |     2 |    15 |    25 |    27 |    34 ||   103
       Ration            |       |       |     1 |     6 |     4 ||    11
Armor: Skin              |     4 |     4 |    10 |    12 |     5 ||    35
Dodge: Dodged            |    46 |   140 |   276 |   374 |   526 ||  1362
Block: Other             |       |       |     8 |     6 |     8 ||    22
       Buckler           |       |       |       |   143 |   225 ||   368
       Reflection        |       |       |       |     2 |     9 ||    11
